 Dungeon Crawl Stone Soup version 0.16.1-2-g95b8d4c (webtiles) character file.

1447 Ololoev the Cutter (level 8, 0/37 HPs)
             Began as a Vine Stalker Artificer on Mar 23, 2015.
             Incinerated by a mottled dragon (2 damage)
             ... with a sticky flame
             ... on level 6 of the Dungeon on Mar 24, 2015.
             The game lasted 00:24:02 (5134 turns).

Ololoev the Cutter (Vine Stalker Artificer)         Turns: 5134, Time: 00:24:03

Health: 0/37       AC:  9    Str: 14    XL:     8   Next: 75%
Magic:  0/18       EV: 19    Int: 12    God:
Gold:   123        SH:  0    Dex: 19    Spells: 0 memorised, 7 levels left

rFire  + + .     SeeInvis .     t - melded +2 dagger (venom)
rCold  + + .     Clarity  .     E - melded +2 ring mail {rF+}
rNeg   + + +     SustAb   .     (shield currently unavailable)
rPois  +         Gourm    .     (helmet currently unavailable)
rElec  +         Spirit   +     v - melded +0 cloak
rCorr  +         Warding  .     (gloves currently unavailable)
rMut   .         Stasis   .     (boots currently unavailable)
MR     +....                    (amulet currently unavailable)
Stlth  +.........               (ring currently unavailable)
                                (ring currently unavailable)

@: liquid flames, wisp-form, flying, glowing, quick, somewhat resistant to
hostile enchantments, very unstealthy
A: (fangs 0), agile 1, deterioration 1, regeneration 2, magic shield, (antimagic
bite), no device heal 3, rot immunity
a: no special abilities


You were on level 6 of the Dungeon.
You were not hungry.
You were an insubstantial wisp.
You visited 2 branches of the dungeon, and saw 7 of its levels.

You collected 249 gold pieces.
You spent 126 gold pieces at shops.

Notes
Turn   | Place    | Note
--------------------------------------------------------------
     0 | D:1      | Ololoev, the Vine Stalker Artificer, began the quest for the Orb.
     0 | D:1      | Reached XP level 1. HP: 9/9 MP: 1/1
   109 | D:1      | Reached skill level 1 in Short Blades
   175 | D:1      | Reached XP level 2. HP: 10/14 MP: 3/3
   545 | D:1      | Reached XP level 3. HP: 10/17 MP: 5/5
   626 | D:1      | Reached skill level 3 in Evocations
  1170 | D:2      | Found a basalt altar of Yredelemnul.
  1177 | D:2      | Found a sacrificial altar of Ru.
  1357 | D:2      | Reached XP level 4. HP: 9/21 MP: 2/7
  1885 | D:3      | Noticed Crazy Yiuf
  1893 | D:3      | Killed Crazy Yiuf
  1893 | D:3      | Reached XP level 5. HP: 25/25 MP: 10/10
  2314 | D:3      | Reached skill level 4 in Short Blades
  2894 | D:4      | Found a staircase to the Ecumenical Temple.
  2928 | D:4      | Gained mutation: You heal very quickly. [vine stalker growth]
  2928 | D:4      | Reached XP level 6. HP: 10/29 MP: 6/12
  3108 | D:4      | Identified Vehumet's Guide on Confrontation
  3124 | Temple   | Entered the Ecumenical Temple
  3271 | D:4      | Reached skill level 5 in Short Blades
  3429 | D:4      | Reached XP level 7. HP: 32/32 MP: 14/14
  3840 | D:4      | Reached skill level 5 in Evocations
  3971 | D:4      | Reached skill level 1 in Armour
  4041 | D:4      | Reached skill level 6 in Short Blades
  4105 | D:5      | Entered Level 5 of the Dungeon
  4143 | D:5      | Gained mutation: You have razor-sharp teeth. [vine stalker growth]
  4143 | D:5      | Reached XP level 8. HP: 20/37 MP: 12/18
  4316 | D:5      | Found a shattered altar of Ashenzari.
  4351 | D:5      | Noticed Sigmund
  4354 | D:5      | Found Schot's Distillery.
  4355 | D:5      | Bought 2 potions of might for 96 gold pieces
  4355 | D:5      | Bought a potion of mutation for 30 gold pieces
  4356 | D:5      | Upgraded the game from 0.16.0-19-gb078050 to 0.16.1-2-g95b8d4c
  4444 | D:5      | Gained mutation: Your body is slowly deteriorating. [mutagenic meat]
  4445 | D:5      | Gained mutation: You are agile. (Dex +2) [mutagenic meat]
  4465 | D:5      | Reached skill level 7 in Short Blades
  4663 | D:5      | Noticed Sigmund
  4663 | D:5      | Sigmund changed into Sigmund the ooze
  4669 | D:5      | Killed Sigmund the ooze
  5133 | D:6      | HP: 1/37 [burnt (3)]
  5134 | D:6      | Incinerated by a mottled dragon

Inventory:

Hand weapons
 t - a +2 dagger of venom (melded)
Missiles
 D - 2 javelins (quivered)
Armour
 u - a +1 ice dragon armour
 v - a +0 cloak (melded)
 E - a +2 ring mail of fire resistance (melded)
Jewellery
 l - an uncursed ring of teleportation
Magical devices
 a - a wand of polymorph (2)
 b - a wand of flame (26)
 c - a wand of enslavement (12)
Scrolls
 g - 2 scrolls of blinking
 h - 2 scrolls of teleportation
 k - 3 scrolls of remove curse
 o - a scroll of recharging
 w - a scroll of amnesia
 y - a scroll of enchant armour
Potions
 e - a potion of berserk rage {unknown}
 j - 2 potions of cure mutation {unknown}
 m - 2 potions of restore abilities {unknown}
 p - 3 potions of might
 q - 2 potions of poison {unknown}
 r - a potion of invisibility {unknown}
 x - 2 potions of haste {unknown}
 z - 3 potions of resistance {unknown}
 A - 2 potions of curing
 B - 4 potions of brilliance {unknown}
Comestibles
 f - 6 bread rations
 F - a meat ration

Table legend:
 A = Turns spent in this place as a percentage of turns spent in the entire game.
 B = Non-inter-level travel turns spent in this place as a percentage of non-inter-level travel turns spent in the entire game.
 C = Inter-level travel turns spent in this place as a percentage of turns spent in this place.
 D = Turns resting spent in this place as a percentage of non-inter-level travel turns spent in this place.
 E = Turns spent auto-exploring this place as a percentage of non-inter-level travel turns spent in this place.
 F = Non-inter-level travel turns spent in this place divided by the number of levels of this place that you've seen.
                   A       B       C       D       E      F
               +-------+-------+-------+-------+-------+----------------------
         Total | 100.0 | 100.0 |   0.5 |   2.6 |   7.1 | 340.0
       Dungeon |  98.3 |  98.3 |   0.5 |   2.7 |   7.2 | 389.8
        Temple |   1.7 |   1.7 |   0.0 |   0.0 |   0.0 |  41.0
               +-------+-------+-------+-------+-------+----------------------


   Skills:
 - Level 0.8 Fighting
 * Level 7.4 Short Blades
 + Level 3.0 Armour
 - Level 1.5 Dodging
 - Level 1.2 Stealth
 + Level 6.0 Evocations


You had 7 spell levels left.
You didn't know any spells.

Dungeon Overview and Level Annotations

Branches:
Dungeon (6/15)             Temple (1/1) D:4

Altars:
Ashenzari
Cheibriados
Elyvilon
Fedhas
Gozag
Kikubaaqudgha
Makhleb
Okawaru
Ru
Sif Muna
Trog
Vehumet
Yredelemnul
Zin
The Shining One

Shops:
D:5 !


Innate Abilities, Weirdness & Mutations

((You have razor-sharp teeth.))
You heal very quickly.
When hurt, damage is shared between your health and your magic reserves.
((Your bite disrupts and absorbs the magic of your enemies.))
Potions and wands cannot restore your health.
You are immune to rotting.
You are agile. (Dex +2)
Your body is slowly deteriorating.


Message History

You are covered in liquid flames!
The mottled dragon bites you but does no damage.
The mottled dragon barely misses you.
You hit the mottled dragon.
The mottled dragon is moderately wounded.
You are covered in liquid flames!
You hit the mottled dragon.
The mottled dragon is moderately wounded.
You are covered in liquid flames!
The orc priest calls down the wrath of Beogh upon you.
Something smites you!
The mottled dragon breathes sticky fire at you.
The sticky flame hits you! You resist.
You are covered in liquid flames!
Drink which item? (? for menu, Esc to quit)
Okay, then.
You are covered in liquid flames!
You are covered in liquid flames!
The orc priest invokes the aid of Beogh against you.
Something smites you!
Read which item? (? for menu, Esc to quit)
As you read the scroll of fear, it crumbles to dust.
You assume a fearsome visage.
The mottled dragon looks frightened!
The orc priest looks frightened!
The orc looks frightened!
You are covered in liquid flames!
You are covered in liquid flames!
Drink which item? (? for menu, Esc to quit)
You have no ailments to cure.
Evoke which item? (* to show all) (? for menu, Esc to quit)
Zapping:
a - a wand of polymorph (3)
Press: ? - help, Shift-Dir - straight line, f - you, p - mottled dragon Really target yourself?
You turn into an insubstantial wisp.
Your +2 dagger of venom melds into your body.
Your +0 cloak melds into your body.
Your +2 ring mail of fire resistance melds into your body.
Your +2 dagger of venom stops dripping with poison.
You feel less resistant to fire.
This wand has 2 charges left.
You are covered in liquid flames!
You die...

... .## ...###.#.
.........
..#.....##### ###.
.......... # ...
.........# ##.
#.###....###...
.#...#...v.....(P...
........#...####P.....
.###.<#.....o.o)...
..............########
.######..##D## ##..#.#
##.#.# .#.# ...#


You could see a mottled dragon (fleeing) and an active ballistomycete.

Table legend:
 A = Kills in this place as a percentage of kills in entire the game.
 B = Kills by you in this place as a percentage of kills by you in the entire game.
 C = Kills by friends in this place as a percentage of kills by friends in the entire game.
 D = Other kills in this place as a percentage of other kills in the entire game.
 E = Experience gained in this place as a percentage of experience gained in the entire game.
 F = Experience gained in this place divided by the number of levels of this place that you have seen.
                   A       B       C       D       E      F
               +-------+-------+-------+-------+-------+----------------------
         Total | 100.0 | 100.0 |  -nan |  -nan | 100.0 | 295.4
       Dungeon | 100.0 | 100.0 |  -nan |  -nan | 100.0 | 344.7
               +-------+-------+-------+-------+-------+----------------------

Vanquished Creatures
  A sky beast (D:5)
  An ogre (D:4)
  A centaur (D:5)
  2 ice beasts (D:5)
  A goliath beetle (D:5)
  2 jellies
  2 orc priests
  3 crimson imps
  Crazy Yiuf (D:3)
  10 orc wizards
  5 worker ants
  3 hound skeletons
  A worker ant zombie (D:6)
  3 adders
  4 gnolls
  A shadow imp (D:5)
  6 worms
  An adder zombie (D:5)
  An adder skeleton (D:5)
  6 giant geckos
  6 oozes
  34 orcs
  2 bat skeletons
  4 giant cockroaches
  15 goblins
  14 hobgoblins
  5 jackals
  A quokka (D:4)
  A ball python (D:5)
  13 bats
  10 giant newts
  A giant spore (D:6)
  A jackal zombie (D:5)
  7 kobolds
  8 rats
177 creatures vanquished.

Action                   |  1- 3 |  4- 6 |  7- 9 || total
-------------------------+-------+-------+-------++-------
Melee: Short sword       |   145 |       |       ||   145
       Dagger            |    10 |   300 |   254 ||   564
       Unarmed           |       |       |     8 ||     8
Throw: Javelin           |       |     3 |     4 ||     7
Evoke: Wand              |     8 |    20 |     9 ||    37
  Use: Scroll            |     2 |     4 |     8 ||    14
 Stab: Sleeping          |     2 |     2 |       ||     4
       Confused          |       |     1 |       ||     1
  Eat: Chunk             |     1 |     7 |     8 ||    16

Vault maps used:
D:1:      sevenhm_arrival_forest_fort_large_2, st_stairs_3,
          minmay_misc_feat_alley
D:2:      grunt_temple_overflow_open
D:3:      small_statue_intersection, uniq_crazy_yiuf_cottage
D:4:      minmay_temple_entry_water_ring, gup_sewer_entry_bowl
D:5:      ashenzari_conservatory_becter, first_bread, serial_shops, shop,
          uniq_sigmund
D:6:      serial_shops, nicolae_shop_crystal,
          hangedman_abyss_or_decor_lesser_grid, uniq_natasha
Temple:   circular_temple_12
